AoeStats
← happyhoeker

Arabia

510531655Analyzed
1v1 RM · 16h ago on Oct 1, 2026· 49m 17s· 2 players
Game mode
Random Map
Map size
Tiny (2 player)
Population
200
Speed
Normal
Resources
Standard
Victory
Conquest
Starting age
Dark Age
Ending age
Imperial Age
RankedLock teamsTeams togetherTeam positionsShared explorationLock speedFull tech treeHidden civsTurbo modeCheats
Victory
Defeat
🇳🇱 Magyars · Netherlands
1179
+16
🇸🇪 Magyars · Sweden
1189
-16
happyhoeker
5:40 Loom
10:03 Feudal Age
10:58 Double-Bit Axe
12:14 Horse Collar
17:41 Scale Barding Armor
23:57 Castle Age
22:41 Fletching
22:52 Padded Archer Armor
22:45 Gold Mining
24:45 Bloodlines
24:36 Bodkin Arrow
24:07 Elite Skirmisher
26:36 Leather Archer Armor
28:44 Wheelbarrow
31:10 Chain Barding Armor
31:02 Husbandry
31:34 Thumb Ring
31:50 Bow Saw
39:08 Hand Cart
40:06 Stone Mining
43:47 Imperial Age
41:48 Town Watch
47:18 Cavalier
49:48 Plate Barding Armor
Bonsai
6:19 Loom
9:24 Feudal Age
9:59 Double-Bit Axe
13:21 Town Watch
15:38 Horse Collar
21:13 Castle Age
23:02 Scale Barding Armor
22:55 Fletching
27:58 Thumb Ring
27:22 Light Cavalry
28:03 Husbandry
30:26 Scale Barding Armor
35:49 Bloodlines
43:37 Chain Barding Armor
Connection lost

Rejoining the realm…

Still unreachable

The connection could not be restored.

Session expired

The server has moved on; the page needs a fresh start.